[Event "*** Titled Tuesday Blitz"]
[Site "Chess.com"]
[Date "2020.12.01"]
[Round "1"]
[White "MF1966Idrisov"]
[Black "DenLaz"]
[Result "0-1"]
[WhiteElo "2392"]
[BlackElo "2789"]
[TimeControl "180+1"]
[EndTime "10:07:46 PST"]
[Termination "DenLaz won on time"]

1. Nf3 d5 2. b3 Nf6 3. Bb2 c6 4. e3 Bf5 5. d4 e6 6. Bd3 Bg6 7. O-O Nbd7 8. Nbd2 Bd6 9. Ne5 O-O 10. f4 c5 11.
Nxg6 hxg6 12. Nf3 cxd4 13. Bxd4 Qc7 14. c4 dxc4 15. Bxc4 Rad8 16. Rc1 Bc5 17. Bb5 Qb6 18. Qe2 Bxd4 19. Nxd4 Nd5 20. Rc4 N7f6 21. Rcc1 Nxe3 22. Qxe3 Rxd4 23. Rc4 Rfd8 24. Rxd4 Rxd4 25. Be2 Nd5 26.
Qf2 Rxf4 27. Qxb6 Rxf1+ 28. Kxf1 Nxb6 29. Kf2 Nd5 30. Bc4 Kf8 31. Kf3 Ke7 32. Ke4 Kd6 33.
a3 Ne7 34. g4 g5 35. Bb5 f5+ 36. Kf3 Ke5 37. Bd7 Nc6 38. b4 Nd4+ 39. Kg3 Ke4 40. gxf5 exf5 41. Bc8 b6 42. a4 Ne2+ 43. Kf2 Nc3 44.
a5 g4 45. axb6 axb6 46. Bb7+ Kf4 47. Bc8 g5 48. Bd7 Nd5 49. b5 Nf6 50. Bc6 Ne4+ 51. Kg2 g3 52. Bxe4 Kxe4 53. hxg3 Ke3 54. Kg1 Kf3 55. Kh2 g4 0-1

[Event "*** Titled Tuesday Blitz"]
[Site "Chess.com"]
[Date "2020.12.01"]
[Round "1"]
[White "nitpicker"]
[Black "elohunter1999"]
[Result "0-1"]
[WhiteElo "2261"]
[BlackElo "2572"]
[TimeControl "180+1"]
[EndTime "10:07:46 PST"]
[Termination "elohunter1999 won on time"]

1. d4 Nf6 2. c4 e5 3. dxe5 Ng4 4. Bf4 Nc6 5. Nf3 Bc5 6. e3 Qe7 7. Be2 Ngxe5 8. O-O O-O 9. Nc3 d6 10. a3 a5 11. Nd4 Be6 12. Nd5 Qd8 13. Nb5 Bxd5 14.
cxd5 Ne7 15. Rc1 Bb6 16. h3 Qd7 17. Nc3 N7g6 18. Bh2 f5 19. Bb5 Qf7 20. Ne2 Nh4 21. Nf4 Kh8 22. Bg3 g5 23. Ne6 Rg8 24. Kh1 h6 25.
Bxh4 gxh4 26. Nf4 Rg5 27. Ne6 Rg6 28. Nf4 Rg5 29. Ne6 Rag8 30. Nxg5 hxg5 31. f4 gxf4 32. Rxf4 Ng6 33. Rf3 Qf6 34. Bd3 Ne7 35. e4 Qg5 36.
Qe2 f4 37. Rcf1 Ng6 38. Qd2 Be3 39. Qe2 Ne5 40. Rxe3 fxe3 41. Rf5 Qg6 42. Rh5+ Kg7 43. Rxh4 Kf7 44. Rf4+ Ke7 45. Bc2 Qg3 46. Rf3 Nxf3 47. Qxf3 Qxf3 48. gxf3 e2 0-1

[Event "*** Titled Tuesday Blitz"]
[Site "Chess.com"]
[Date "2020.12.01"]
[Round "1"]
[White "ChessLover0108"]
[Black "theturtlemoves"]
[Result "1-0"]
[WhiteElo "2786"]
[BlackElo "2392"]
[TimeControl "180+1"]
[EndTime "10:07:47 PST"]
[Termination "ChessLover0108 won by resignation"]

1. Nf3 d5 2. d4 Nf6 3. c4 e6 4.
Nc3 a6 5. cxd5 exd5 6. Bg5 Be6 7.
e3 Nbd7 8. Bd3 Bd6 9. O-O c6 10.
Qc2 h6 11. Bh4 O-O 12. Rad1 Qc7 13. a3 Bg4 14. Bg3 Rfe8 15. b4 Rac8 16. Rb1 Bxg3 17.
hxg3 Qd6 18. a4 Re7 19. Rfc1 Rce8 20. b5 axb5 21. axb5 Bxf3 22. gxf3 c5 23. dxc5 Nxc5 24. Ne2 b6 25. Qd2 Nfd7 26. Nd4 Ne5 27. Be2 Qf6 28. Kg2 h5 29. Rh1 g6 30. Ra1 Nc4 31. Qd1 Nxe3+ 32. fxe3 Rxe3 33. Ra2 Ne6 34. Nxe6 R8xe6 35. Bf1 d4 36.
Rh4 Rd6 37. Rf4 Qe5 38. Bc4 Kg7 39. Rxf7+ Kh6 40. Qd2 Rf6 41. Rxf6 Qxf6 42. Ra3 h4 43. Rxe3 Qg5 44. Re2 1-0

[Event "*** Titled Tuesday Blitz"]
[Site "Chess.com"]
[Date "2020.12.01"]
[Round "1"]
[White "Chessbard1972"]
[Black "DrVelja"]
[Result "0-1"]
[WhiteElo "2391"]
[BlackElo "2786"]
[TimeControl "180+1"]
[EndTime "10:07:47 PST"]
[Termination "DrVelja won on time"]

1. d4 Nf6 2. Nf3 g6 3. c4 Bg7 4. g3 O-O 5. Bg2 d6 6. O-O c6 7. Nc3 Bf5 8. Ne1 Be6 9. d5 cxd5 10.
cxd5 Bd7 11. Nc2 Na6 12. b3 Rc8 13. Bb2 Nxd5 14. Bxd5 Bxc3 15. Bxc3 Rxc3 16. Bxb7 Qb6 17. Bg2 Rfc8 18. Ne3 Be6 19. Nd5 Bxd5 20. Bxd5 Nb4 21. Bg2 a5 22. e3 Rd3 23. Qg4 Rc5 24. h4 Rd2 25. Rfd1 Rxd1+ 26. Qxd1 h5 27. Be4 d5 28.
Bf3 e6 29. g4 hxg4 30. Bxg4 d4 31. exd4 Rd5 32. Rc1 Rxd4 33. Rc8+ Kg7 34. Qe2 Nd3 35. h5 Qb4 36. f3 Qd6 37. Qg2 Nf4 38. h6+ Kxh6 0-1

[Event "*** Titled Tuesday Blitz"]
[Site "Chess.com"]
[Date "2020.12.01"]
[Round "1"]
[White "plumalka"]
[Black "WonderChampion"]
[Result "1-0"]
[WhiteElo "2476"]
[BlackElo "2033"]
[TimeControl "180+1"]
[EndTime "10:07:47 PST"]
[Termination "plumalka won by resignation"]

1. e4 c5 2. Nf3 g6 3. d4 cxd4 4. Nxd4 Nc6 5. c4 Bg7 6. Be3 Nxd4 7. Bxd4 Nf6 8. Nc3 O-O 9. Be2 d6 10. O-O Be6 11. f3 Qc7 12. b3 b6 13. Rc1 Rac8 14. Qd2 Bd7 15. Rfd1 Qb7 16. Bf1 Bc6 17. b4 a6 18. a3 b5 19. c5 dxc5 20. Bxc5 Qc7 21. Qf2 Rfe8 22. Ne2 Qb7 23. Nd4 Nd7 24. Nxc6 Qxc6 25. Rd5 Qb7 26. Be3 Rxc1 27. Bxc1 Nb6 28. Rc5 Qd7 29. Be3 Rd8 30. h4 Qd4 31. Bxd4 Bxd4 32.
Rc6 Bxf2+ 33. Kxf2 Rb8 34. g4 Kf8 35. h5 Ke8 36. Ke3 Kd7 37. Rc5 Rd8 38. h6 Na4 39. Rd5+ Kc7 40. Kd4 Rxd5+ 41. exd5 Nb6 42. Ke5 Nd7+ 43.
Kd4 Nf6 44. g5 Ng8 45. f4 f6 46. Bh3 Kd6 47. Be6 fxg5 48. fxg5 Nf6 49. gxf6 exf6 50. Bg8 f5 51. Bxh7 f4 52. Bxg6 f3 53. h7 f2 54.
Bd3 f1=Q 55. Bxf1 1-0

[Event "*** Titled Tuesday Blitz"]
[Site "Chess.com"]
[Date "2020.12.01"]
[Round "1"]
[White "sergivila"]
[Black "esapunov"]
[Result "0-1"]
[WhiteElo "2398"]
[BlackElo "2802"]
[TimeControl "180+1"]
[EndTime "10:07:48 PST"]
[Termination "esapunov won by resignation"]

1. e4 c5 2. Nc3 d6 3. f4 g6 4.
Nf3 Bg7 5. Bc4 Nc6 6. O-O e6 7. d4 cxd4 8. Nb5 Nge7 9. Bb3 O-O 10. Nbxd4 a6 11. Be3 b5 12. c3 Na5 13. Bf2 e5 14.
Nc2 Nxb3 15. axb3 Bb7 16. Qe2 exf4 17. Rad1 Re8 18. Rfe1 Qc7 19. Qd2 Be5 20. Bh4 Kg7 21. Ncd4 h6 22. Bf2 Rad8 23. Ne2 g5 24. Nfd4 Bxe4 25.
g3 fxg3 26. Nxg3 Bg6 27. Nf3 Nf5 28. Nxf5+ Bxf5 29. Bd4 f6 30. Rf1 Bg6 31. h4 g4 32.
Ne1 Bxd4+ 33. Qxd4 Qc5 34. Ng2 Qxd4+ 35. Rxd4 Be4 36.
Nf4 f5 37. Nd5 Re5 38. Nf4 Kf7 39. Ra1 Bb7 40. b4 Re4 41. Rxe4 Bxe4 42. Rxa6 d5 43.
Kf2 d4 44. cxd4 Rxd4 45. Rxh6 Rxb4 46. Ke3 Rxb2 47. Kd4 g3 48. Ke5 g2 49. Rg6 Rf2 50. Rg5 b4 51. h5 b3 52. h6 b2 53.
h7 b1=Q 54. h8=Q Qb2+ 55. Kd6 Qxh8 0-1

[Event "*** Titled Tuesday Blitz"]
[Site "Chess.com"]
[Date "2020.12.01"]
[Round "1"]
[White "ApoIogiA"]
[Black "maxip32"]
[Result "0-1"]
[WhiteElo "2136"]
[BlackElo "2504"]
[TimeControl "180+1"]
[EndTime "10:07:48 PST"]
[Termination "maxip32 won by resignation"]

1. d4 Nf6 2. c4 g6 3. f3 Bg7 4. e4 d6 5. Nc3 O-O 6. Nge2 Nc6 7.
Be3 a6 8. Qd2 Na5 9. Nc1 Nd7 10.
h4 h5 11. Nb3 Nxb3 12. axb3 c5 13. d5 Ne5 14. Bh6 e6 15. Bxg7 Kxg7 16. Be2 exd5 17.
Nxd5 Be6 18. Ne3 b5 19. Rd1 bxc4 20. bxc4 Rb8 21. Qc3 Kg8 22. f4 Nc6 23. f5 Bc8 24. Nd5 Ne5 25. f6 Kh7 26. O-O Be6 27. Qd2 Bxd5 28.
exd5 Qb6 29. Bxh5 Qxb2 30. Qg5 Qc2 31. Bg4 Rb2 32. Bh3 Qe2 33. Rde1 Qh5 34. Qxh5+ gxh5 35. Rf5 Kh6 36. Ref1 Rg8 37. Kh1 Nxc4 38. R5f4 Ne5 39. Ra4 Rb6 40. Rfa1 Ra8 41. Kg1 Kg6 42. Kf2 Kxf6 43.
Ke3 Kg6 44. g3 Rb3+ 45. Ke2 Rxg3 46. Bf1 Rg4 47. Rxa6 Rd8 48. Rc6 f6 49. Rc7 Rxh4 50. Kf2 Rf4+ 51. Kg3 Rg4+ 52. Kh3 Rd4 53. Ra3 Ng4 54. Bg2 f5 55. Kg3 f4+ 56. Kh4 Ne3 57. Bf3 Nf5+ 58. Kh3 Re8 59. Rc6 Re3 0-1

[Event "*** Titled Tuesday Blitz"]
[Site "Chess.com"]
[Date "2020.12.01"]
[Round "1"]
[White "ChessQueen"]
[Black "Loy_Konstantin"]
[Result "1/2-1/2"]
[WhiteElo "2730"]
[BlackElo "2386"]
[TimeControl "180+1"]
[EndTime "10:07:51 PST"]
[Termination "Game drawn - insufficient material"]

1. e4 c5 2. c3 Nf6 3. e5 Nd5 4. d4 cxd4 5. Nf3 d6 6. cxd4 Nc6 7. Bc4 e6 8. O-O Be7 9. Qe2 O-O 10. Rd1 Qc7 11. Bd2 Rd8 12. Nc3 Nxc3 13. Bxc3 Bd7 14. Rac1 dxe5 15. dxe5 Be8 16. Bd3 Rd5 17. Be4 Rxd1+ 18. Rxd1 Rd8 19. h4 Rxd1+ 20. Qxd1 Qd8 21. Qc2 h6 22. g3 Qb6 23. Kg2 Bb4 24. a3 Bxc3 25.
Qxc3 Qa5 26. b4 Qb6 27. Bc2 g6 28. h5 Kg7 29. hxg6 fxg6 30. Qd3 Qd8 31. Qe3 Qd5 32.
Be4 Qd7 33. b5 Ne7 34. a4 b6 35. Qd4 Qxd4 36. Nxd4 Kf7 37. f4 Nf5 38. Nc6 Bxc6 39.
bxc6 Ke8 40. g4 Ne7 41. Kf3 Kd8 42. Ke3 Kc7 43. Kd3 h5 44. gxh5 gxh5 45. Ke3 Nxc6 46. Bg6 h4 47. Kf3 a6 48. Kg4 b5 49. axb5 axb5 50.
Kxh4 b4 51. Kg5 Kd7 52. Kf6 Nd4 53. Kf7 b3 54. f5 exf5 55. e6+ Nxe6 56. Bxf5 b2 57.
Bxe6+ Kd6 58. Bf5 Ke5 59. Bg6 Kd4 60. Bh7 Kc3 61. Bg6 Kd2 62. Bh7 Kc1 63. Bg6 b1=Q 64.
Bxb1 1/2-1/2

[Event "*** Titled Tuesday Blitz"]
[Site "Chess.com"]
[Date "2020.12.01"]
[Round "1"]
[White "Bodnar_Mykola"]
[Black "Kostya_Nikologorskiy"]
[Result "1/2-1/2"]
[WhiteElo "2378"]
[BlackElo "2701"]
[TimeControl "180+1"]
[EndTime "10:07:51 PST"]
[Termination "Game drawn - insufficient material"]

1. e4 e6 2. d4 d5 3. Nc3 Bb4 4. e5 c5 5. a3 Bxc3+ 6. bxc3 Ne7 7. Qg4 Qc7 8. Qxg7 Rg8 9. Qxh7 cxd4 10. Ne2 Nbc6 11.
f4 Bd7 12. Qd3 dxc3 13. h4 Nf5 14. h5 O-O-O 15. h6 Rg6 16. h7 Rh8 17. Qxc3 Rg7 18.
Qd3 d4 19. Bd2 a6 20. Rb1 Nce7 21. c3 Bb5 22. Rxb5 axb5 23. cxd4 Nd5 24. Kf2 Qc4 25.
Nc1 Qxd3 26. Bxd3 Rgxh7 27. Rd1 Rh2 28. Ne2 Rg8 29. Be4 Kd7 30. Rb1 Nh4 31. Ng3 Ng6 32. Kf3 Nc7 33. Bxb7 Rb8 34. Be4 Ne7 35. Bb4 Ned5 36.
Bd6 Ra8 37. Bxd5 Nxd5 38. Rxb5 Kc6 39. Rc5+ Kb6 40. Rc2 Rhh8 41. Ne4 Rhc8 42. Rb2+ Kc6 43. g4 Ra4 44. Rc2+ Kb7 45. Nc5+ Ka8 46. Nxa4 Rxc2 47. f5 Rc4 48. Nc5 exf5 49. gxf5 Rxd4 50. e6 fxe6 51.
fxe6 Rc4 52. e7 Nxe7 53. Bxe7 Rc3+ 54. Ke4 Rxa3 55. Kd5 Ra7 56. Bd6 Rh7 57. Kc6 Rh1 58. Nd7 Rc1+ 59. Bc5 Rc2 60. Kc7 Rxc5+ 61. Nxc5 1/2-1/2

[Event "*** Titled Tuesday Blitz"]
[Site "Chess.com"]
[Date "2020.12.01"]
[Round "1"]
[White "Volodar_Murzin"]
[Black "Panterov"]
[Result "1-0"]
[WhiteElo "2595"]
[BlackElo "2290"]
[TimeControl "180+1"]
[EndTime "10:07:51 PST"]
[Termination "Volodar_Murzin won by resignation"]

1. e4 e5 2. Nf3 Nf6 3. Nc3 Bb4 4. a3 Bxc3 5. dxc3 d6 6. Bd3 O-O 7.
h3 h6 8. c4 b6 9. O-O Bb7 10.
Re1 Nbd7 11. b4 a5 12. Bd2 axb4 13. axb4 Qe7 14. Qe2 c5 15. b5 Nh7 16. Nh2 Rxa1 17. Rxa1 Ra8 18. Rxa8+ Bxa8 19. Nf1 Ndf8 20. Ne3 Ne6 21.
Nf5 Qd8 22. f3 Nhf8 23. Qe1 Ng6 24. Qa1 Nd4 25. Nxd4 exd4 26. Qa7 Ne5 27. Bf4 Kf8 28. Kf2 g5 29. Bg3 Kg7 30. Ke2 Ng6 31. Kd2 Nf4 32.
Bf1 Ne6 33. Kc1 Nf4 34. Be1 Ng6 35. c3 dxc3 36. Bxc3+ Ne5 37. Be2 Kg6 38. Kb2 f6 39. g3 Nf7 40. Kb3 Ne5 41. f4 gxf4 42. gxf4 Nd7 43.
Bf3 h5 44. Qa1 Bb7 45. Qd1 Qe7 46. Bxh5+ Kh6 47. e5 dxe5 48. fxe5 Nxe5 49. Be2 Be4 50. Qd2+ Kg7 51. Qf4 Bg6 52. h4 Nd3 53. Bxd3 Bxd3 54. Qg3+ Bg6 55. h5 Qf7 56. Qxg6+ Qxg6 57. hxg6 Kxg6 58.
Kc2 Kf5 59. Kd3 Kg5 60. Ke4 f5+ 61. Kf3 f4 62. Be5 Kf5 63. Bc7 Ke6 64. Bxb6 Kd6 65. Ba5 Ke5 66. Bc3+ Kd6 67. Kxf4 1-0

[Event "*** Titled Tuesday Blitz"]
[Site "Chess.com"]
[Date "2020.12.01"]
[Round "1"]
[White "LaPorfia"]
[Black "Iskusnyh"]
[Result "0-1"]
[WhiteElo "2301"]
[BlackElo "2626"]
[TimeControl "180+1"]
[EndTime "10:07:52 PST"]
[Termination "Iskusnyh won on time"]

1. d4 d5 2. Nf3 Nf6 3. Bf4 c5 4.
e3 Nc6 5. c3 Qb6 6. Qb3 c4 7.
Qxb6 axb6 8. Na3 Ra5 9. Bc7 e6 10. Nc2 Kd7 11. Bg3 Ne4 12. Nd2 Nxg3 13. hxg3 Bd6 14.
f4 Kc7 15. a3 Bd7 16. e4 g5 17. e5 Be7 18. Be2 f6 19. Nf3 gxf4 20. gxf4 fxe5 21.
Nxe5 Nxe5 22. fxe5 Be8 23. Bg4 Bd7 24. Kf2 Bg5 25. Ne3 Rb5 26. Rab1 Kd8 27. Rh5 h6 28. Bf3 Be8 29. Rhh1 Bg6 30. a4 Ra5 31. Ra1 Ke7 32. Ng4 Rha8 33. Nf6 Rxa4 34. Rxa4 Rxa4 35. Re1 Ra2 36.
Re2 b5 37. Ng4 Bd3 38. Re1 Rxb2+ 39. Kg3 Bd2 40. Ra1 Bxc3 41. Ra7 Bxd4 42. Rxb7+ Kd8 43. Nxh6 Bxe5+ 44. Kg4 Bg6 0-1

[Event "*** Titled Tuesday Blitz"]
[Site "Chess.com"]
[Date "2020.12.01"]
[Round "1"]
[White "yobdc"]
[Black "salomez"]
[Result "1-0"]
[WhiteElo "2504"]
[BlackElo "2135"]
[TimeControl "180+1"]
[EndTime "10:07:52 PST"]
[Termination "yobdc won by checkmate"]

1. d4 Nf6 2. Nf3 g6 3. Nbd2 d5 4. e3 Bg7 5. b4 a5 6. b5 c5 7. c4 cxd4 8. exd4 O-O 9. Be2 dxc4 10. Nxc4 Nd5 11. O-O Nc3 12. Qd3 Nxb5 13. Be3 Nc6 14.
Rad1 Nd6 15. Nce5 Nb4 16. Qb3 Be6 17. d5 Bf5 18. Rd2 Ne4 19. Rd4 Rc8 20. g4 Nc3 21. Bc4 Bc2 22. Qxc3 Ba4 23. Qd2 b5 24. Bb3 Bxb3 25.
axb3 Qc7 26. Bf4 Qa7 27. Re4 Rfd8 28. Qe3 Qxe3 29. Bxe3 Nxd5 30. Ra1 Nc3 31. Rf4 a4 32. bxa4 bxa4 33. Rfxa4 Ne2+ 34. Kg2 Nc3 35. Ra7 f5 36. Rxe7 f4 37. Bb6 Rd5 38. Raa7 Bxe5 39. Nxe5 Nb5 40. Rg7+ Kf8 41. Raf7+ Ke8 42. Rg8# 1-0

[Event "*** Titled Tuesday Blitz"]
[Site "Chess.com"]
[Date "2020.12.01"]
[Round "1"]
[White "Ajedrez_con_German"]
[Black "scoopbh"]
[Result "1-0"]
[WhiteElo "2480"]
[BlackElo "2072"]
[TimeControl "180+1"]
[EndTime "10:07:52 PST"]
[Termination "Ajedrez_con_German won by resignation"]

1. Nf3 Nf6 2. b3 g6 3. Bb2 Bg7 4. e3 c5 5. Be2 O-O 6. c4 b6 7.
O-O Bb7 8. Nc3 Nc6 9. d4 cxd4 10. Nxd4 d5 11. Nxd5 Nxd5 12. Nxc6 Bxc6 13. Bxg7 Kxg7 14. cxd5 Qxd5 15. Qxd5 Bxd5 16. Rfd1 Rfd8 17. f3 Rac8 18. Kf2 Bb7 19. Rxd8 Rxd8 20. Ke1 h5 21. Rc1 Rc8 22. Rd1 Rc7 23. Bc4 e6 24. Rd8 a6 25.
a4 Kf6 26. Rd6 Rc6 27. Rxc6 Bxc6 28. Bxa6 Ke5 29. Kd2 f5 30. f4+ Kd6 31. g3 Kc5 32. Kc3 Kd6 33. Kd4 Bd5 34. b4 Bb3 35. a5 bxa5 36.
bxa5 Bd5 37. Bc4 Bb7 38. a6 Ba8 39. a7 Bb7 40. Bd3 Ba8 41. e4 Kc7 42. exf5 gxf5 43. Ke5 Bd5 44. Bxf5 Kb6 45. Bxe6 Bb7 46. f5 1-0

[Event "*** Titled Tuesday Blitz"]
[Site "Chess.com"]
[Date "2020.12.01"]
[Round "1"]
[White "Juanovic"]
[Black "sokidze"]
[Result "0-1"]
[WhiteElo "2162"]
[BlackElo "2519"]
[TimeControl "180+1"]
[EndTime "10:07:53 PST"]
[Termination "sokidze won by resignation"]

1. e4 c5 2. Nf3 Nc6 3. Nc3 g6 4. g3 Bg7 5. Bg2 d6 6. O-O e5 7. d3 Nge7 8. Bg5 O-O 9. Qd2 Be6 10. Bh6 f6 11. Bxg7 Kxg7 12. a4 d5 13. exd5 Nxd5 14. Ne4 b6 15. Rfe1 Rc8 16. h4 h5 17. Nc3 Qd7 18.
Nxd5 Bxd5 19. c3 Rcd8 20. Rad1 Bb3 21. Ra1 Qxd3 22. Qxd3 Rxd3 23. Ng5 Ne7 24. Ne4 Rfd8 25. Bf1 R3d7 26. Bb5 Rc7 27. a5 Be6 28. axb6 axb6 29. Ra6 Rb7 30. Rea1 Bd5 31. Nd2 Nf5 32. Ra7 Rb8 33. Nc4 Bxc4 34. Bxc4 Nd6 35. Bd5 Rxa7 36. Rxa7+ Kh6 37. Rd7 Nf5 38. Rf7 Rd8 39. c4 Rd6 40.
Rb7 Nd4 41. Bg8 g5 42. Kg2 gxh4 43. gxh4 Nf5 44. Kh3 Rd3+ 45. Kg2 Nxh4+ 46. Kf1 Rd6 47. Ke2 Nf5 48. Kf3 Kg5 49. Ke4 Rd4+ 50. Kf3 h4 51.
Bd5 h3 52. Ke2 h2 53. Rh7 Nh4 54. Bh1 Rxc4 0-1

[Event "*** Titled Tuesday Blitz"]
[Site "Chess.com"]
[Date "2020.12.01"]
[Round "1"]
[White "venus02"]
[Black "cukin84"]
[Result "0-1"]
[WhiteElo "2495"]
[BlackElo "2178"]
[TimeControl "180+1"]
[EndTime "10:07:53 PST"]
[Termination "cukin84 won on time"]

1. e4 c6 2. d4 d5 3. e5 c5 4. dxc5 e6 5. a3 Bxc5 6. b4 Bb6 7. Qg4 Kf8 8. Nf3 Ne7 9. h4 h5 10. Qh3 Ng6 11. Bd3 Nc6 12. Bxg6 fxg6 13. Bf4 Ne7 14. Bg5 Qc7 15. Bxe7+ Kxe7 16. c3 Qc4 17. Qg3 Qe4+ 18. Kf1 Bd7 19. Kg1 Bb5 20. Kh2 Raf8 21. Nbd2 Qf5 22.
Rhe1 Kd7 23. a4 Bd3 24. a5 Bc7 25. Nb3 b6 26. axb6 Bxb6 27. Nbd4 Qg4 28. Ng5 Bxd4 29. cxd4 Qxg3+ 30. Kxg3 a6 31. Ra3 Bc4 32. Nh3 Rf5 33.
f3 Rb8 34. Rb1 Ke7 35. Ra5 Rff8 36. Kf2 Bd3 37. Rb2 Bf5 38. Nf4 Rfc8 39. Rxa6 Rc4 40.
Ra7+ Kf8 41. Ke3 Rcxb4 42. Rxb4 Rxb4 43. g4 hxg4 44. fxg4 Rb3+ 45. Kf2 Bxg4 46. Nxg6+ Kg8 47. Kg2 Kh7 48. Nf8+ Kh6 49. Ra6 Rd3 50. Nxe6 Bxe6 51. Rxe6+ g6 52. Rd6 Rxd4 53. Kg3 Re4 54. Rxd5 Kg7 0-1

[Event "*** Titled Tuesday Blitz"]
[Site "Chess.com"]
[Date "2020.12.01"]
[Round "1"]
[White "PotapovaM"]
[Black "KventinKarantino"]
[Result "1-0"]
[WhiteElo "2611"]
[BlackElo "2298"]
[TimeControl "180+1"]
[EndTime "10:07:56 PST"]
[Termination "PotapovaM won on time"]

1. d4 d5 2. c4 c6 3. Nf3 Nf6 4. g3 Bf5 5. Nc3 e6 6. Nh4 Be4 7. f3 Bg6 8. Qb3 Qb6 9. c5 Qxb3 10. axb3 Nbd7 11. b4 a6 12. Nxg6 hxg6 13. b5 cxb5 14. Nxb5 Rc8 15. Nc3 Nb8 16. e4 dxe4 17. fxe4 Rd8 18.
Be3 Nc6 19. Rd1 Ng4 20. Bg1 Nb4 21. Be2 f5 22. Bc4 Nc2+ 23. Ke2 Kf7 24. d5 fxe4 25. dxe6+ Ke8 26. Rxd8+ Kxd8 27. Nxe4 Ne5 28. Ng5 Rh5 29. Bb3 Rxg5 30. Bxc2 Ke7 31. Be3 Rh5 32. Bb3 Ng4 33. Rd1 Rxh2+ 34. Kf3 Nxe3 35. Kxe3 Rxb2 36. Rd7+ Kf6 37.
Rxb7 Bxc5+ 38. Kd3 Rxb3+ 39. Rxb3 Kxe6 40. Ke4 a5 41. Rb5 Bb4 42. Rb6+ Kf7 43. Ra6 Bc3 44. g4 Bd2 45.
Kd5 Bb4 46. Ke5 Bc3+ 47. Ke4 Bb4 48. g5 1-0

[Event "*** Titled Tuesday Blitz"]
[Site "Chess.com"]
[Date "2020.12.01"]
[Round "1"]
[White "pastouche06"]
[Black "FMOlexandrProhorov"]
[Result "0-1"]
[WhiteElo "2511"]
[BlackElo "2194"]
[TimeControl "180+1"]
[EndTime "10:07:56 PST"]
[Termination "FMOlexandrProhorov won on time"]

1. d4 g6 2. c4 Bg7 3. Nc3 c5 4. d5 Bxc3+ 5. bxc3 Qa5 6. Qc2 f5 7. e4 fxe4 8. f3 e3 9. Bxe3 Nf6 10. Bd3 d6 11.
Ne2 Nbd7 12. Nf4 Nb6 13. O-O Bd7 14. Ne6 Bxe6 15. dxe6 O-O-O 16. a4 d5 17. cxd5 Nbxd5 18. Bd2 Qb6 19. a5 Qxe6 20. Rfe1 Qd6 21. a6 b6 22. g3 c4 23. Bf1 Qc5+ 24. Kh1 Rhf8 25. Bh3+ Kb8 26. Re5 Nh5 27. Qe4 Rf7 28. Be6 Nhf6 29.
Qe2 Rg7 30. Rd1 Qc6 31. Bh6 Rgg8 32. Bxg8 Rxg8 33. Re6 Qc7 34. Qe5 Rd8 35. Qxc7+ Kxc7 36. Rd4 b5 37. Re5 Rd6 38. f4 Kc6 39. Bg7 Nd7 40. Re1 N7b6 41. Rdd1 Nf6 42. Bxf6 Rxf6 43. Rd4 Nd5 44.
Re5 Rd6 45. Kg1 Nxc3 46. Rxd6+ exd6 47. Re7 b4 48. Rxa7 Nb5 49. Rb7 Nc7 0-1

[Event "*** Titled Tuesday Blitz"]
[Site "Chess.com"]
[Date "2020.12.01"]
[Round "1"]
[White "niki_2003"]
[Black "vanyakuba"]
[Result "0-1"]
[WhiteElo "2007"]
[BlackElo "2472"]
[TimeControl "180+1"]
[EndTime "10:07:56 PST"]
[Termination "vanyakuba won by checkmate"]

1. d4 d5 2. c4 e6 3. Nc3 c5 4. dxc5 d4 5. Nb5 e5 6. b4 a5 7.
Bd2 axb4 8. Bxb4 Nc6 9. a3 Nf6 10. g3 Ne4 11. Bg2 Nxc5 12. Bxc6+ bxc6 13. Nf3 cxb5 14. cxb5 Bb7 15. O-O Qd5 16. Rc1 Bd6 17. Bxc5 Bxc5 18.
Qc2 Bxa3 19. Rcd1 O-O 20. Qf5 f6 21. Rfe1 g6 22. Qd3 Bb4 23. e4 Qe6 24. Re2 Ra3 25.
Qc2 Rxf3 26. Qb1 Rb3 27. Qa1 Ra8 28. Qc1 Ba3 29. Qc2 Rc3 30. Qb1 Qb3 31. Qxb3+ Rxb3 32. Rc2 Rc3 33. Ra2 Bxe4 34. Rda1 Bd5 35. Re2 Bc4 36.
Rd2 Bxb5 37. Rda2 Bc4 38. Rd2 Kf7 39. Kg2 Ke6 40. f3 Kd5 41. Kh3 h5 42. Kg2 d3 43. h3 Rc2 44. Rd1 Rxd2+ 45. Rxd2 Bb4 46. Rd1 Ra2+ 47. Kg1 Kd4 48. g4 h4 49. Kf1 d2+ 50. Kg1 Be2 51. Rxd2+ Bxd2 52. Kh1 Be3 53. Kh2 Bxf3# 0-1

[Event "*** Titled Tuesday Blitz"]
[Site "Chess.com"]
[Date "2020.12.01"]
[Round "1"]
[White "canary2016"]
[Black "GP9isback23"]
[Result "0-1"]
[WhiteElo "1999"]
[BlackElo "2472"]
[TimeControl "180+1"]
[EndTime "10:07:56 PST"]
[Termination "GP9isback23 won by checkmate"]

1. d4 Nf6 2. Bf4 e6 3. e3 b6 4. Nf3 Bb7 5. c4 Bb4+ 6. Nc3 Ne4 7. Qc2 f5 8. Be2 O-O 9. O-O Bxc3 10. bxc3 d6 11. h3 Nd7 12. Bh2 Qe7 13. Bd3 a5 14.
Nd2 Nxd2 15. Qxd2 e5 16. Be2 Rae8 17. Rfd1 Qg5 18. Bf1 f4 19. exf4 exf4 20. d5 Nc5 21. Bd3 Bc8 22. Kh1 Nxd3 23. Qxd3 f3 24. gxf3 Bxh3 25.
Rg1 Qf6 26. Rg3 Bf5 27. Qd2 Bg6 28. Rag1 Rf7 29. Qb2 Bh5 30. f4 Bg6 31. Qd2 Rfe7 32. Re3 Rxe3 33. fxe3 Be4+ 34. Rg2 Qg6 35. Kg1 Bxg2 36.
Qxg2 Qxg2+ 37. Kxg2 Rxe3 38. Bg1 Rxc3 39. Bd4 Rxc4 40.
Be3 Ra4 41. Kf3 Rxa2 42. Ke4 g6 43. Bd4 Kf7 44. Bc3 Ra4+ 45. Ke3 Rc4 46. Bd4 Rc5 47.
Bxc5 bxc5 48. Kd3 h5 49. Kc4 h4 50. Kb5 Ke7 51. Kc6 Kd8 52. Kb5 h3 53. Kxa5 h2 54. Kb5 h1=Q 55. Kc6 Qf3 56. f5 Qxf5 57. Kb7 Qxd5+ 58.
Kb8 Qb3+ 59. Ka8 Kc8 60. Ka7 Qb7# 0-1

[Event "*** Titled Tuesday Blitz"]
[Site "Chess.com"]
[Date "2020.12.01"]
[Round "1"]
[White "BlixLT"]
[Black "JonahWillow"]
[Result "0-1"]
[WhiteElo "2327"]
[BlackElo "2662"]
[TimeControl "180+1"]
[EndTime "10:07:59 PST"]
[Termination "JonahWillow won by resignation"]

1. d4 Nf6 2. Nf3 e6 3. Bf4 c5 4. e3 cxd4 5. exd4 b6 6. Nbd2 Bb7 7. Bd3 Be7 8. O-O O-O 9. Re1 d6 10. h3 Re8 11. Qe2 a6 12. Ne4 Nxe4 13. Bxe4 Bxe4 14. Qxe4 Nd7 15. c3 Nf6 16. Qc2 b5 17. a3 Bf8 18.
Bg5 h6 19. Bh4 Rc8 20. Qb3 Be7 21. Bg3 Qb6 22. a4 Bf8 23. Re2 Nd5 24. Ne1 Qc6 25.
Nd3 Rb8 26. axb5 axb5 27. Ra7 Ra8 28. Rxa8 Rxa8 29. Re1 Nb6 30. Nb4 Qd7 31. Nc2 Nc4 32. Ne3 d5 33. Nxc4 bxc4 34. Qc2 Bd6 35. Bxd6 Qxd6 36.
Qd2 Qb6 37. g3 Ra2 38. Re2 Qb3 39. Qc2 Qb8 40. Kg2 g6 41. h4 h5 42. Qd2 Ra1 43. Qc2 Qb7 44. Kh2 Qa6 45. Kg2 Qa2 46. Rd2 Re1 47. Re2 Rb1 48. Kf3 Qa1 49. Rxe6 Rxb2 50.
Rxg6+ Kf8 51. Qf5 Qh1+ 52. Ke3 Qe1+ 53. Kf4 Rxf2+ 54. Kg5 Rxf5+ 0-1

[Event "*** Titled Tuesday Blitz"]
[Site "Chess.com"]
[Date "2020.12.01"]
[Round "1"]
[White "xamax2000"]
[Black "jens1102"]
[Result "1-0"]
[WhiteElo "2642"]
[BlackElo "2316"]
[TimeControl "180+1"]
[EndTime "10:07:59 PST"]
[Termination "xamax2000 won by resignation"]

1. e4 e5 2. Nf3 Nc6 3. Bb5 a6 4. Ba4 Nf6 5. O-O Nxe4 6. d4 b5 7. Bb3 d5 8. dxe5 Be6 9. c3 Bc5 10. Qd3 O-O 11. Be3 Qe7 12. Nbd2 Bxe3 13. Qxe3 Nxd2 14.
Qxd2 Rad8 15. Rfe1 Qc5 16. Nd4 Qb6 17. Re3 Ne7 18.
Bc2 c5 19. Nxe6 Qxe6 20. Rh3 h6 21. Re1 d4 22. b3 dxc3 23. Qxc3 c4 24. bxc4 Qxc4 25.
Qxc4 bxc4 26. Rc3 Rc8 27. Be4 Rc7 28. f4 Rfc8 29. Kf2 Rc5 30. Rb1 R8c7 31. Ke3 Nc6 32. Rb6 Kf8 33. Rxa6 Ke7 34. Rxc6 R5xc6 35. Bxc6 Rxc6 36. Kd4 Ra6 37. Rc2 Ra4 38. f5 g6 39.
Rxc4 Rxa2 40. Rc7+ Ke8 41. f6 Rd2+ 42. Ke4 Rxg2 43.
Rc8+ Kd7 44. Rf8 Ke6 45. Re8+ Kd7 46. Re7+ Kd8 47. Rxf7 Re2+ 48. Kd5 Rd2+ 49. Ke6 Rxh2 50. Ra7 Rf2 51. f7 h5 52. Ra8+ Kc7 53. f8=Q Rf7 54.
Qxf7+ 1-0

[Event "*** Titled Tuesday Blitz"]
[Site "Chess.com"]
[Date "2020.12.01"]
[Round "1"]
[White "Nadeev_Sergey"]
[Black "Jospem"]
[Result "0-1"]
[WhiteElo "2445"]
[BlackElo "2964"]
[TimeControl "180+1"]
[EndTime "10:08:01 PST"]
[Termination "Jospem won by resignation"]

1. d4 Nf6 2. Bf4 e6 3. e3 b6 4.
Nf3 Bb7 5. Be2 Be7 6. O-O c5 7. c3 O-O 8. Nbd2 cxd4 9. cxd4 Nc6 10. Rc1 d6 11. a3 a6 12. e4 b5 13. Bd3 Qb6 14. Nb1 Rac8 15. d5 exd5 16. exd5 Nxd5 17. Bg5 Nf6 18. Bf5 Rcd8 19. Be3 Qc7 20. Nd4 g6 21.
Bd3 Qd7 22. Nxc6 Bxc6 23. Bd4 Bb7 24. Qd2 Nh5 25. f4 Bf6 26. Bxf6 Nxf6 27. f5 Kg7 28.
Qc3 Rde8 29. Nd2 Re5 30. Nf3 Bxf3 31. Rxf3 g5 32. h4 g4 33. Rf4 Kh8 34. Rd1 Nd5 35. Qd4 Nxf4 36. Qxf4 f6 37. Bb1 d5 38. Qxg4 Rg8 39.
Qf3 Qe7 40. Ba2 Qc5+ 41. Kh1 Re3 42. Qxd5 Qxd5 43. Bxd5 Rd8 44. Kh2 Re5 45. Bf3 Rxd1 46. Bxd1 Rxf5 47. Kg3 Rd5 48. Bf3 Rd2 49. Bb7 Rxb2 50.
Bxa6 Kg7 51. Kh3 f5 52. g3 Kf6 0-1